 Dungeon Crawl Stone Soup version 0.26-a0-255-gd5f3108e62 (webtiles) character file.

Game seed: 1055209872853194899

2170065 bmfx the Impregnable (level 25, 265/265 HPs)
             Began as a Deep Dwarf Brigand on July 10, 2020.
             Was the Champion of Makhleb.
             Escaped with the Orb
             ... and 3 runes!
             The game lasted 01:38:59 (41361 turns).

bmfx the Impregnable (Deep Dwarf Brigand)          Turns: 41361, Time: 01:39:00

Health: 265/265    AC: 41    Str: 24    XL:     25   Next: 2%
Magic:  25/25      EV: 15    Int: 15    God:    Makhleb [******]
Gold:   1633       SH:  4    Dex:  7    Spells: 24/24 levels left

rFire    + . .     SeeInvis +   a - +7 broad axe (flame)
rCold    + + +     Faith    .   O - +0 buckler "Teupu" {rC+++ rCorr Dex-5 Slay+3}
rNeg     + . .     Spirit   .   D - +7 chain mail of Limited Liability {MR++}
rPois    +         Reflect  .   i - +0 mask of the Dragon {MR+ Slay+3 SInv}
rElec    +         Harm     .   c - +1 cloak "Kuovvehi" {rElec}
rCorr    +                      W - +2 pair of gloves
MR       +++++                  b - +1 pair of boots of Beauty {rF+}
Stlth    ..........             L - amulet "Afopefal" {Acrobat rPois Dex-2 Slay+3}
HPRegen  0.00/turn              A - ring of Fysahuhee {MR+ AC+4 Stlth+}
MPRegen  0.19/turn              J - +4 ring of slaying

@: non-regenerating
A: damage resistance, heal wounds, hooves 1, rugged brown scales 1, slimy green
scales 1, negative energy resistance 1, sense surroundings 3, shaggy fur 1,
subdued magic 1, no regeneration
0: Orb of Zot
}: 3/15 runes: barnacled, silver, gossamer
a: Heal Wounds, Minor Destruction, Lesser Servant of Makhleb, Major Destruction,
Greater Servant of Makhleb, Renounce Religion


You escaped.
You worshipped Makhleb.
Makhleb was exalted by your worship.
You were very full.

You visited 9 branches of the dungeon, and saw 47 of its levels.
You also visited: Ossuary, Gauntlet and Desolation.

You collected 7553 gold pieces.
You spent 5920 gold pieces at shops.


Innate Abilities, Weirdness & Mutations

You are resistant to damage.
You can heal yourself by infusing magical energy.
You resist negative energy. (rN+)
You passively map a large area around you.
You do not regenerate.
You have large cloven feet.
You are partially covered in rugged brown scales. (AC +1, +3% HP)
You are partially covered in slimy green scales. (AC +2)
You are covered in fur. (AC +1)
Your spells are a little easier to cast, but a little less powerful.

Dungeon Overview and Level Annotations

Branches:
Dungeon (15/15)            Temple (1/1) D:5            Lair (6/6) D:9
 Shoals (4/4) Lair:2       Spider (4/4) Lair:3        Slime (0/5) Lair:6
    Orc (2/2) D:12            Elf (0/3) Orc:2        Vaults (5/5) D:14
  Crypt (0/3) Vaults:3     Depths (5/5) D:15            Zot (5/5) Depths:5
Ossuary (visited)         Desolation (visited)      Gauntlet (visited)

Altars:
Cheibriados
Dithmenos
Elyvilon
Fedhas
Gozag
Hepliaklqana
Makhleb
Okawaru
Qazlal
Ru
Sif Muna
Trog
Uskayaw
Wu Jian
Yredelemnul
The Shining One

Shops:
D:5 !   D:6 %   D:7 ?}((   D:8 (   D:9 (}   Orc:2 =*%=}   Vaults:1 !
Vaults:3 [!*!*   Vaults:4 [

Portals:
Hell: Depths:5
Pandemonium: Depths:5

Annotations:
D:14 1 runed translucent door, exclusion: orange crystal statue
Lair:6 exclusion: 8 oklob plants
Shoals:3 1 runed translucent door
Spider:1 2 transporters, Vieluargh's ghost, journeyman DsNe
Spider:4 Roxanne
Depths:5 6 runed translucent doors


   Skills:
 + Level 21.5 Fighting
   Level 4.0 Short Blades
 - Level 20.0 Axes
 - Level 15.0 Throwing
 + Level 22.1 Armour
 - Level 18.5 Dodging
 - Level 4.8 Stealth
 - Level 4.0 Shields
 - Level 15.0 Invocations
 - Level 10.0 Evocations


You had 24 spell levels left.
You didn't know any spells.
Your spell library contained the following spells:

 Spells                   Type           Power        Failure   Level
 Animate Skeleton         Necr           #.....       58%         1
 Apportation              Tloc           #.....       58%         1
 Corona                   Hex            #......      58%         1
 Foxfire                  Conj/Fire      #...         58%         1
 Freeze                   Ice            #...         58%         1
 Magic Dart               Conj           #...         58%         1
 Pain                     Necr           #...         58%         1
 Sandblast                Erth           #.....       58%         1
 Shock                    Conj/Air       #...         58%         1
 Summon Small Mammal      Summ           #...         58%         1
 Call Imp                 Summ           #.......     73%         2
 Corpse Rot               Necr/Air       N/A          73%         2
 Ensorcelled Hibernation  Hex/Ice        #.....       73%         2
 Searing Ray              Conj           #.....       73%         2
 Sublimation of Blood     Necr           #.........   73%         2
 Swiftness                Chrm/Air       #.......     73%         2
 Call Canine Familiar     Summ           #.......     92%         3
 Confusing Touch          Hex            #.......     92%         3
 Conjure Flame            Conj/Fire      #.......     92%         3
 Dazzling Flash           Conj/Hex       #.....       92%         3
 Frozen Ramparts          Ice            #.....       92%         3
 Gell's Gravitas          Tloc           #.........   92%         3
 Ignite Poison            Fire/Tmut/Pois #.......     92%         3
 Inner Flame              Hex/Fire       #.......     92%         3
 Ozocubu's Armour         Chrm/Ice       #.......     92%         3
 Portal Projectile        Hex/Tloc       #.....       92%         3
 Recall                   Summ/Tloc      N/A          92%         3
 Spectral Weapon          Hex/Chrm       #.......     92%         3
 Static Discharge         Conj/Air       #.......     92%         3
 Stone Arrow              Conj/Erth      #.....       92%         3
 Summon Guardian Golem    Hex/Summ       #.......     92%         3
 Tukima's Dance           Hex            #.......     92%         3
 Vampiric Draining        Necr           #.........   92%         3
 Airstrike                Air            #.........   100%        4
 Animate Dead             Necr           #.........   100%        4
 Cause Fear               Hex            #.........   100%        4
 Dispel Undead            Necr           #.......     100%        4
 Fulminant Prism          Conj/Hex       #.........   100%        4
 Hailstorm                Conj/Ice       #.......     100%        4
 Iskenderun's Mystic Bla  Conj/Tloc      #.......     100%        4
 Olgreb's Toxic Radiance  Pois           #.......     100%        4
 Petrify                  Tmut/Erth      #.......     100%        4
 Sticky Flame             Conj/Fire      #.......     100%        4
 Summon Ice Beast         Ice/Summ       #.......     100%        4
 Summon Lightning Spire   Summ/Air       #.......     100%        4
 Agony                    Necr           #.......     100%        5
 Alistair's Intoxication  Tmut/Pois      #.......     100%        5
 Aura of Abjuration       Summ           #.........   100%        5
 Bolt of Magma            Conj/Fire/Erth #.........   100%        5
 Excruciating Wounds      Chrm/Necr      #.........   100%        5
 Fireball                 Conj/Fire      #.........   100%        5
 Irradiate                Conj/Tmut      #.........   100%        5
 Lightning Bolt           Conj/Air       #.........   100%        5
 Metabolic Englaciation   Hex/Ice        #.........   100%        5
 Silence                  Hex/Air        #.........   100%        5
 Summon Demon             Summ           #.........   100%        5
 Summon Forest            Summ/Tloc      #.........   100%        5
 Summon Mana Viper        Hex/Summ       #.......     100%        5
 Yara's Violent Unravell  Hex/Tmut       #.........   100%        5
 Conjure Ball Lightning   Conj/Air       #.........   100%        6
 Death Channel            Necr           #.........   100%        6
 Dispersal                Tloc           #.........   100%        6
 Eringya's Noxious Bog    Tmut/Pois      #.........   100%        6
 Hydra Form               Tmut           #.........   100%        6
 Shadow Creatures         Summ           N/A          100%        6
 Starburst                Conj/Fire      #.........   100%        6
 Statue Form              Tmut/Erth      #........    100%        6
 Dragon Form              Tmut           #.........   100%        7
 Orb of Destruction       Conj           #.........   100%        7
 Ring of Flames           Chrm/Fire      #.........   100%        7
 Controlled Blink         Tloc           N/A          100%        8
 Disjunction              Tloc           #.........   100%        8
 Ignition                 Fire           #.........   100%        8
 Dragon's Call            Summ           #.........   100%        9
 Tornado                  Air            #.........   100%        9

Action                   |  1- 3 |  4- 6 |  7- 9 | 10-12 | 13-15 | 16-18 | 19-21 | 22-24 | 25-27 || total
-------------------------+-------+-------+-------+-------+-------+-------+-------+-------+-------++-------
Melee: Dagger            |   133 |   344 |    89 |       |       |       |       |       |       ||   566
       Hand axe          |       |       |   219 |       |       |       |       |       |       ||   219
       Broad axe         |       |       |    50 |   498 |  1241 |  1230 |  1429 |  1180 |     8 ||  5636
       War axe           |       |       |       |       |       |   122 |       |       |       ||   122
       Headbutt          |       |       |       |       |       |       |       |    20 |       ||    20
Throw: Stone             |    15 |       |       |       |       |       |       |       |       ||    15
       Dart              |       |    61 |    34 |       |       |       |       |       |       ||    95
       Javelin           |       |       |    19 |     2 |       |    21 |    20 |       |       ||    62
 Abil: Heal Wounds       |       |     4 |     6 |     4 |       |     7 |       |     6 |       ||    27
Evoke: Wand              |       |       |       |    11 |    16 |    33 |     2 |     4 |       ||    66
       Tin of tremorston |       |       |       |       |       |     2 |     3 |       |       ||     5
       Lightning rod     |       |       |       |       |       |       |       |     4 |       ||     4
  Use: Scroll            |       |     9 |    11 |     3 |    16 |     6 |    12 |    13 |       ||    70
       Potion            |       |       |     6 |     2 |     4 |    10 |     3 |    18 |       ||    43
 Stab: Sleeping          |     2 |       |       |       |       |       |       |       |       ||     2
       Paralysed         |       |       |       |     7 |       |     2 |       |       |       ||     9
       Invisible         |       |       |       |       |     1 |       |       |       |       ||     1
       Confused          |       |       |       |       |     1 |       |       |       |       ||     1
       Distracted        |       |       |       |       |       |       |     2 |     1 |       ||     3
  Eat: Ration            |     1 |     2 |     2 |     2 |     8 |     7 |     7 |     8 |       ||    37
Armor: Robe              |    15 |       |       |       |       |       |       |       |       ||    15
       Scale mail        |    39 |     6 |       |       |       |       |       |       |       ||    45
       Chain mail        |       |   178 |   182 |   372 |   624 |  1025 |   624 |   540 |       ||  3545
       Plate armour      |       |       |    46 |       |       |       |       |       |       ||    46
Dodge: Dodged            |    78 |   104 |   121 |   177 |   483 |  1128 |   735 |   577 |     4 ||  3407
Block: Buckler           |       |    31 |    73 |   101 |   176 |   281 |   153 |   149 |       ||   964

Skill      XL: |  1  2  3  4  5  6  7  8  9 10 11 12 13 14 15 16 17 18 19 20 21 22 23 24 |
---------------+-------------------------------------------------------------------------+-----
Short Blades   | 2 3 4 |  4.0
Throwing       | 2 3 10 14 15 | 15.0
Fighting       | 2 3 4 5 6 8 9 11 12 14 15 16 19 20 21 | 21.5
Shields        | 1 3 4 |  4.0
Armour         | 4 5 6 8 10 13 15 18 20 22 | 22.1
Axes           | 4 7 10 12 15 18 20 | 20.0
Evocations     | 5 10 | 10.0
Invocations    | 4 6 11 15 | 15.0
Dodging        | 7 10 13 17 18 | 18.5
Stealth        | |  4.8

Inventory:

Hand Weapons
 a - a +7 broad axe of flaming (weapon)
Missiles
 j - 76 javelins (quivered)
 k - 73 silver javelins
 p - 8 throwing nets {!f}
 M - 8 curare-tipped darts
Armour
 b - the +1 pair of boots of Beauty (worn) {rF+}
   (You found it on level 5 of the Vaults)

   It protects you from fire.
 c - the +1 cloak "Kuovvehi" (worn) {rElec}
   (You acquired it on level 2 of the Spider Nest)

   It insulates you from electricity.
 i - the +0 mask of the Dragon (worn) {MR+ Slay+3 SInv}
   (You bought it in a shop on level 4 of the Vaults)

   It affects your accuracy and damage with ranged weapons and melee attacks
   (+3).
   It affects your resistance to hostile enchantments.
   It lets you see invisible.
 D - the +7 chain mail of Limited Liability (worn) {MR++}
   (You found it on level 8 of the Dungeon)

   It affects your resistance to hostile enchantments.
 O - the +0 buckler "Teupu" (worn) {rC+++ rCorr Dex-5 Slay+3}
   (You found it on level 6 of the Dungeon)

   It affects your dexterity (-5).
   It affects your accuracy and damage with ranged weapons and melee attacks
   (+3).
   It renders you almost immune to cold.
   It provides partial protection from all sources of acid and corrosion.
 W - a +2 pair of gloves (worn)
Jewellery
 f - an uncursed ring of protection from fire
 l - the ring "Yraqohygg" {rPois rC+ Str+3}
   (You found it in the Desolation of Salt)

   [ring of poison resistance]

   It affects your strength (+3).
   It protects you from cold.
   It protects you from poison.
 A - the ring of Fysahuhee (left hand) {MR+ AC+4 Stlth+}
   (You took it off an imperial myrmidon in the Desolation of Salt)

   [ring of protection]

   It affects your AC (+4).
   It affects your resistance to hostile enchantments.
   It makes you more stealthy.
 J - a +4 ring of slaying (right hand)
 L - the amulet "Afopefal" (around neck) {Acrobat rPois Dex-2 Slay+3}
   (You bought it in a shop on level 2 of the Orcish Mines)

   [amulet of the acrobat]

   It helps you evade while moving and waiting.
   It affects your dexterity (-2).
   It affects your accuracy and damage with ranged weapons and melee attacks
   (+3).
   It protects you from poison.
 X - the ring "Baisiler" {rPois rN+ Dex+7}
   (You found it in the Desolation of Salt)

   [ring of poison resistance]

   It affects your dexterity (+7).
   It protects you from poison.
   It protects you from negative energy.
Wands
 m - a wand of paralysis (17)
 C - a wand of iceblast (12)
 I - a wand of polymorph (36)
 K - a wand of enslavement (24)
 N - a wand of acid (12)
 Q - a wand of disintegration (24)
 S - a wand of clouds (12)
 Y - a wand of digging (12)
Scrolls
 n - 16 scrolls of teleportation {@r1}
 o - 9 scrolls of blinking {@r2}
 q - 4 scrolls of enchant armour
 t - 29 scrolls of remove curse {@r4}
 v - a scroll of fog
 y - 3 scrolls of silence
 B - 5 scrolls of magic mapping
 E - 14 scrolls of identify {@r3}
 G - 2 scrolls of immolation
 T - 8 scrolls of fear
Potions
 e - 8 potions of flight
 g - a potion of resistance
 h - 5 potions of might
 r - 3 potions of berserk rage
 w - 5 potions of invisibility
 x - 4 potions of haste {@q4}
 z - 18 potions of curing {@q2}
 F - 15 potions of cancellation
 H - 10 potions of heal wounds {@q1}
 P - 10 potions of ambrosia
 R - a potion of mutation
Miscellaneous
 s - a tin of tremorstones (3/3)
 u - 3 phantom mirrors
 U - a lightning rod (4/4)
 V - 3 boxes of beasts
 Z - a phial of floods
Comestibles
 d - 140 rations

##.....########.......#.....#.#..
##.##### #.......#..........
......# ##....####.......###
......# ##..#..## #.......#..
......#######..#.#..###.......#..
......##......#...#......######..
.#.#####.#####.....#####.# #..
.#.# #..#...........#..# #.. ##.#
##..#....@...4#..## #..
##.######..#.........#..#######..
..........#...........#...##.....
##.......#####.....#####.........
..............#...#.......##.....
##.............#.#..#.....##.....
##......####....#..#########.....
##......# ####...## #.....
##......# ##### #.....


You could see a chaos spawn.

Vanquished Creatures
  3 orbs of fire (Zot:5)
  3 ancient liches
  Bai Suzhen (Shoals:3)
  Margery (Depths:5)
  9 Killer Klowns (Zot:5)
  Frederick (Depths:5)
  2 golden dragons
  2 bone dragons (Depths:5)
  Arachne (Spider:3)
  A Brimstone Fiend (Zot:4)
  4 tentacled monstrosities
  2 electric golems (Zot:5)
  27 Orb Guardians
  8 titans
  Asterion (Vaults:1)
  4 quicksilver dragons
  4 death cobs (Zot:5)
  6 sphinxes
  3 shadow dragons
  Kirke (D:12)
  5 tengu reavers (Vaults:5)
  8 storm dragons
  Donald (Shoals:3)
  8 fire giants
  A draconian monk (Zot:4)
  5 deep elf sorcerers
  5 ghost moths
  6 draconian knights
  2 imperial myrmidons (Desolation)
  4 draconian scorchers
  An orc warlord (Orc:1)
  4 frost giants
  11 vault wardens
  3 emperor scorpions
  2 iron dragons (Vaults:5)
  2 draconian shifters (Zot:5)
  Aizul (Shoals:2)
  3 draconian stormcallers
  2 draconian annihilators
  11 ironheart preservers
  A war gargoyle (Vaults:5)
  5 entropy weavers
  6 very ugly things
  14 stone giants
  Nessos (D:15)
  2 deep elf demonologists (Vaults:5)
  10 purple draconians
  3 halazid warlocks (Desolation)
  6 deep elf annihilators
  11 white draconians
  3 black draconians
  3 minotaurs
  7 red draconians
  3 green draconians
  3 yellow draconians
  7 spark wasps
  5 merfolk javelineers
  10 ettins
  4 merfolk impalers
  2 blizzard demons
  3 crystal guardians
  A deep elf high priest (Vaults:5)
  2 great orbs of eyes
  9 ogre magi
  6 ragged hierophants (Desolation)
  A great orb of eyes (shapeshifter) (Vaults:5)
  14 hydras
  11 yaktaur captains
  7 ice dragons
  5 fire dragons
  15 servants of whispers (Desolation)
  A rakshasa (D:14)
  30 vault guards
  2 merfolk avatars
  11 centaur warriors
  6 peacekeepers
  4 alligator snapping turtles
  2 death knights (Vaults:3)
  10 merfolk aquamancers
  A satyr (Shoals:4)
  Urug (D:10)
  A deep troll earth mage (Depths:1)
  3 tengu warriors
  31 two-headed ogres
  12 death yaks
  A queen ant (Spider:2)
  A dancing weapon (Vaults:3)
  An orc high priest (Orc:2)
  2 spriggan berserkers
  Nergalle (D:12)
  4 deep elf knights
  A titan skeleton (Vaults:5)
  2 fire crabs
  A sixfirhy (D:8)
  3 shadow wraiths
  8 deep trolls
  4 hell knights (Depths:5)
  8 sea snakes
  5 skeletal warriors (D:12)
  3 wizards
  An unseen horror (D:10)
  An orange crystal statue (Depths:5)
  20 harpies
  2 flayed ghosts
  4 glowing orange brains
  16 ironbrand convokers
  3 deep elf archers
  A lindwurm (D:14)
  10 orc knights
  3 phantasmal warriors
  6 necromancers
  An orb spider (shapeshifter) (Vaults:1)
  37 ugly things
  A stone giant zombie (Vaults:3)
  19 orb spiders
  An orc sorcerer (Orc:2)
  The ghost of t4s4d4r the Spear-Bearer, a novice FoAK of Lugonu (D:5)
  16 deep elf magi
  5 fauns
  9 moths of wrath
  13 cyclopes
  24 wolf spiders
  3 oklob plants
  9 elephants (Lair:4)
  A centaur zombie (D:15)
  15 merfolk sirens
  17 manticores
  A rust devil (D:11)
  5 black mambas
  8 water nymphs
  2 torpor snails
  2 molten gargoyles (Desolation)
  A guardian serpent (shapeshifter) (Vaults:1)
  A guardian serpent (Desolation)
  A gargoyle (D:12)
  11 vault sentinels
  19 cane toads
  A frost giant skeleton (Vaults:5)
  2 hellions (Zot:2)
  A kobold demonologist (D:14)
  48 yaktaurs
  4 human zombies
  23 demonic crawlers
  6 komodo dragons
  2 rime drakes (Lair:5)
  2 efreet (Zot:2)
  An ice devil (Gauntlet)
  4 freezing wraiths
  A komodo dragon (shapeshifter) (Vaults:4)
  14 trolls
  A queen bee (Gauntlet)
  24 merfolk
  11 polar bears
  55 saltlings
  11 hornets
  4 wind drakes
  A polar bear (shapeshifter) (Vaults:3)
  Grinder (D:5)
  45 jumping spiders
  12 hippogriffs
  2 hornets (shapeshifter)
  A harpy skeleton (D:14)
  21 blink frogs
  22 slime creatures
  14 dream sheep
  15 snapping turtles
  A spriggan (shapeshifter) (D:14)
  12 spriggans (Lair:6)
  83 redbacks
  An ettin skeleton (Vaults:5)
  A redback (shapeshifter) (Vaults:2)
  4 shadows
  A vampire (D:14)
  34 tarantellas
  A tarantella (shapeshifter) (Vaults:3)
  25 water elementals
  10 wraiths
  Sigmund (D:5)
  2 wyverns
  4 fire elementals
  10 basilisks
  70 yaks
  A basilisk (shapeshifter) (Vaults:2)
  2 hogs (D:12)
  A chaos spawn (D:11)
  5 fire bats (Gauntlet)
  An elf skeleton (Vaults:5)
  7 vampire mosquitoes
  2 swamp worms (shapeshifter)
  6 wargs
  The ghost of Eptagon the Skirmisher, an amateur GrFi (D:4)
  21 soldier ants
  5 acid dragons
  5 hell hounds
  18 porcupines
  13 water moccasins
  5 sky beasts
  6 ice beasts
  6 black bears
  31 orc warriors
  2 phantoms
  2 eyes of draining
  42 ogres
  23 wolves
  26 centaurs
  A necrophage (D:9)
  8 boggarts
  14 crocodiles
  8 big kobolds
  18 bullfrogs
  3 earth elementals (Depths:4)
  A deep troll simulacrum (Vaults:5)
  3 gnoll sergeants (D:12)
  2 human skeletons
  3 scorpions
  4 human simulacra
  11 killer bees
  12 wights
  2 electric eels (Spider:2)
  9 hounds
  A quasit (D:15)
  4 bullfrog zombies
  2 jellies
  18 orc priests
  Crazy Yiuf (D:3)
  6 centaur skeletons
  2 bullfrog skeletons
  A gnoll shaman (D:8)
  5 iguanas
  32 orc wizards
  14 worker ants
  A hell rat (Lair:6)
  A killer bee zombie (D:8)
  2 centaur simulacra (D:5)
  A bullfrog simulacrum (D:5)
  A hound zombie (D:7)
  9 mummies
  A hound skeleton (D:9)
  A worker ant zombie (D:4)
  22 gnolls
  10 adders
  2 shadow imps
  6 white imps
  3 ufetubi
  2 oozes
  2 adder zombies
  3 adder skeletons
  3 worms
  A dart slug (D:5)
  2 adder simulacra (D:5)
  7 leopard geckos
  88 orcs
  A ball python (D:3)
  7 bats
  7 giant cockroaches
  11 goblins
  5 hobgoblins
  15 jackals
  4 quokkas
  5 frilled lizards
  3 gnoll zombies (Ossuary)
  2 hobgoblin zombies
  25 kobolds
  2 kobold zombies (Ossuary)
  2 leopard gecko skeletons
  A leopard gecko zombie (D:5)
  3 orc zombies
  3 rats (D:1)
  A butterfly (Lair:2)
  A fungus (Lair:2)
  17 plants
2107 creatures vanquished.

Vanquished Creatures (others)
  A death cob (Zot:4)
  2 black draconians (Zot:2)
  A merfolk aquamancer (Shoals:4)
  An orb spider (Spider:4)
  A raiju (Zot:2)
  A human (D:12)
  An orc warrior (Vaults:3)
  2 worker ants (Spider:2)
  An orc (Vaults:3)
  7 fungi
  19 plants
37 creatures vanquished.

Grand Total: 2144 creatures vanquished

Levels and vault maps discovered:
D:1:      scummos_arrival_star, layout_basic, serial_glass, glass_columns_a,
          glass_columns_a
D:2:      layout_loops_ring, riverfiend_overflow_shadow_ancestor, minitemple,
          first_ration, chequers_serial_rivers_small_a
D:3:      layout_basic, uniq_crazy_yiuf_cottage
D:4:      layout_basic, gammafunk_ghost_mausoleum
D:5:      layout_rooms, minmay_temple_entry_statues_fountains, serial_shops,
          nicolae_shop_statue_plus, gammafunk_ghost_icy, uniq_sigmund,
          uniq_grinder
D:6:      layout_loops_ring, kennysheep_mini, serial_shops, shop,
          chequers_big_river
D:7:      layout_gridville, serial_shops, shop, shop_scrolls, shop, shop
D:8:      lemuel_bear_cage, layout_layer_cave, serial_shops, shop,
          nicolae_ossuary_entry_giza
D:9:      layout_rooms, dancing_weapons_uskayaw, minmay_lair_entry_grove,
          serial_shops, nicolae_shop_waterfront, kennysheep_little_box,
          grunt_ogre_cave
D:10:     layout_rooms, minivault_28, uniq_urug
D:11:     layout_cave_pools, grunt_decor_resistance, kennysheep_generic_room_8
D:12:     fort_yaktaur, layout_irregular_city,
          kennysheep_orc_monster_closet_entryway, uniq_nergalle, uniq_kirke
D:13:     layout_rooms, nicolae_qazlal_general_emergency
D:14:     minmay_the_grid_net [minmay_the_grid_spin_star,
          minmay_the_grid_minigrid_small, minmay_the_grid_large_cup,
          minmay_the_grid_minigrid_medium, minmay_the_grid_stretched_grid,
          minmay_the_grid_prize_big_room], layout_cave_pools, david_vaults_4,
          minmay_crystal_box
D:15:     grunt_enter_depths_hoard, layout_basic, uniq_nessos
Temple:   regret_index_temple_waves
Lair:1:   layout_regular_city, st_stairs_7
Lair:2:   layout_misc_corridors, elwin_shoals_entry_stream, grunt_megastairs_2,
          serial_bayou_shore_b, lemuel_fruit_tree, lemuel_fruit_fields
Lair:3:   layout_small_grid, nicolae_spider_entry_tight_spaces
Lair:4:   layout_cave_pods, beast_lair_carwin_4
Lair:5:   layout_layer_cave, chequers_serial_rivers_marsh,
          kennysheep_basilisk_garden, grunt_megastairs_1
Lair:6:   minmay_lair_end_enchanted_forest, layout_regular_city, slime_dummy,
          gauntlet_entry_generic, dpeg_oklob_1, minmay_lair_oklob_chamber
Shoals:1: cheibrodos_shoals_gigantism, layout_shoals
Shoals:2: layout_shoals, nicolae_shoals_this_corrosion
Shoals:3: cheibrodos_shoals_baths, layout_shoals, lightli_airlock, uniq_aizul,
          uniq_bai_suzhen
Shoals:4: shoals_end_grunt_ice, layout_shoals, nicolae_shoals_water_shrine,
          uniq_donald
Spider:1: layout_spider_delve, gammafunk_ghost_arena
Spider:2: layout_spider_delve, zaba_antful_of_joy
Spider:3: layout_spider_delve, worms_lemuel
Spider:4: grunt_spider_rune_parallel, uniq_arachne, uniq_roxanne
Orc:1:    layout_caves
Orc:2:    st_orc_ogre_mass, layout_diamond_mine, serial_shops,
          nicolae_shop_competitors_out_of_business
Vaults:1: ontoclasm_vaults_spin, st_lattice, vaults_room_door_hall,
          grunt_vaults_hallway_long, vaults_room_fours, v_misc_25, v_misc_18,
          nicolae_vaults_specimen_jars, layout_vaults_omnigrid, serial_shops,
          shop, uniq_asterion
Vaults:2: nicolae_vaults_network_periphery, st_cross,
          ontoclasm_vaults_claustrophobia, nicolae_vaults_circle_grid_b,
          nicolae_vaults_network_quinsquares
          [nicolae_vaults_network_quincunx_subvault,
          nicolae_vaults_network_quincunx_subvault,
          nicolae_vaults_network_quincunx_subvault,
          nicolae_vaults_network_quincunx_subvault],
          hangedman_vaults_river_flow, nicolae_vaults_network_square,
          hangedman_vaults_capsules, v_misc_5, ontoclasm_vaults_loading_screen,
          ontoclasm_vaults_fault, layout_vaults_ring,
          portal_desolation_entry_nicolae_nacl
Vaults:3: blue_anna_dwarven_crypt, v_pattern_2, nicolae_vaults_theta, v_misc_5,
          vaults_standard_mumra_lines, grunt_vaults_bifocal,
          ontoclasm_vaults_decontamination, nicolae_vaults_little_ls, v_misc_19,
          vaults_dpeg_spiral, vaults_room_semicircle, nicolae_vaults_network_s,
          serial_ice_g, layout_vaults_omnibox, serial_shops,
          nicolae_shop_waterfront, shop_statue, shop_statue, shop, shop_statue
Vaults:4: hangedman_vaults_maws, v_alt_pattern_4,
          nicolae_vaults_little_squares_1, nicolae_vaults_yaktaur_gun_rack,
          nicolae_vaults_quartermaster, hangedman_vaults_pinch, v_rooms_6,
          vaults_room_stairs_pillars, layout_vaults_chaotic_city, serial_shops,
          nicolae_shop_overgrown_old_shop
Vaults:5: serial_shops
Depths:1: layout_basic, hell_entry, nemelex_diamond_rough_becter,
          hangedman_decor_cross_pass, firewood_loft, serial_bayou_shore_b,
          uniq_sojobo
Depths:2: kennysheep_windowed_halls, layout_basic, minivault_14,
          hangedman_geh_valley, kennysheep_nondecorative_pillar, uniq_mara
Depths:3: wad_cavern_with_rooms, layout_gridlike, enter_ziggurat_f,
          rand_demon_pan_entry_1, hangedman_decor_growths, hell_entry,
          grunt_decor_mini_mirrors
Depths:4: radiant_caverns_a_rkd, hell_entry, abyss_entry
Depths:5: evilmike_zot_entry_castle, layout_basic, hell_entry, pan_entry,
          serial_sigils_hangedman_stare, corexii_hall_statues_i, minivault_15,
          st_stairs_10, serial_bayou_lagoon_a, uniq_frederick, uniq_margery
Zot:1:    layout_onion_interference, st_large_dragon_hoard_3
Zot:2:    infiniplex_zot_generator, layout_gridlike, hangedman_hellfire_club
Zot:3:    layout_misc_corridors
Zot:4:    layout_cathedral_of_symmetry, zot_minivault_6
Zot:5:    layout_misc_corridors, hangedman_zot_decor_checkerboard


Message History

(V) Vaults (C) Crypt (U) Depths (H) Hell (Z) Zot
Where to? (Enter - D:1 @ (x,y), ? - help)
Things that are here:
a +0 leather armour; a +0 trident
There is a stone staircase leading up here.
You climb upwards.
There is a stone staircase leading down, spattered with blood here.
You see here a hand axe.
Things that are here:
a +0 ring mail; a +0 short sword
There is a stone staircase leading up here.
You climb upwards.
There is a stone staircase leading down here.
There is a stone staircase leading up here.
You climb upwards.
There is a stone staircase leading down here.
A chaos spawn comes into view.
There is a staircase leading out of the dungeon here.
You have escaped!

Notes
Turn   | Place    | Note
-------+----------+-------------------------------------------
     0 | D:1      | bmfx the Deep Dwarf Brigand began the quest for the Orb.
     0 | D:1      | Reached XP level 1. HP: 19/19 MP: 1/1
   204 | D:1      | Reached XP level 2. HP: 24/26 MP: 2/2
   854 | D:2      | Reached XP level 3. HP: 29/32 MP: 3/3
   955 | D:2      | Found a glowing golden altar of the Shining One.
   955 | D:2      | Found a white marble altar of Elyvilon.
   956 | D:2      | Found a blossoming altar of Fedhas.
  1086 | D:2      | Found a hazy altar of Hepliaklqana.
  1087 | D:2      | Found a shadowy altar of Dithmenos.
  1088 | D:2      | Noticed a shadow
  1240 | D:2      | Reached XP level 4. HP: 23/39 MP: 4/4
  2064 | D:3      | Reached XP level 5. HP: 23/45 MP: 5/5
  2599 | D:3      | Found a runed translucent door.
  2600 | D:3      | Noticed Crazy Yiuf
  3022 | D:4      | Reached skill level 1 in Shields
  3116 | D:4      | Reached XP level 6. HP: 32/55 MP: 6/6
  3345 | D:4      | Found a transporter.
  3345 | D:4      | Noticed Eptagon's ghost (amateur GrFi)
  3364 | D:4      | Found a transporter.
  3499 | D:5      | Entered Level 5 of the Dungeon
  3591 | D:5      | Found a runed translucent gate.
  3592 | D:5      | Found a runed translucent gate.
  3593 | D:5      | Found a runed translucent gate.
  3601 | D:5      | Noticed an ice beast
  3613 | D:5      | Noticed t4s4d4r's ghost (novice FoAK)
  3629 | D:5      | Found a staircase to the Ecumenical Temple.
  3690 | Temple   | Entered the Ecumenical Temple
  3730 | Temple   | Became a worshipper of Makhleb the Destroyer
  3823 | D:5      | Noticed Grinder
  3840 | D:6      | Noticed a yak
  3840 | D:6      | Noticed a yak
  3873 | D:5      | Noticed Sigmund
  3967 | D:5      | Paralysed by Grinder for 4 turns
  4124 | D:6      | Noticed an orc warrior
  4177 | D:4      | Reached XP level 7. HP: 37/63 MP: 7/7
  4317 | D:6      | Reached skill level 1 in Armour
  4367 | D:6      | Reached skill level 2 in Armour
  4375 | D:6      | Reached * piety under Makhleb
  4387 | D:6      | Got a dazzling buckler
  4399 | D:6      | Identified the cursed +0 buckler "Teupu" {rC+++ rCorr Dex-5
                  | Slay+3} (You found it on level 6 of the Dungeon)
  4438 | D:6      | Found Vuep Sif's Food Emporium.
  4440 | D:6      | Noticed a yak
  4440 | D:6      | Noticed a yak
  4442 | D:6      | Noticed a yak
  4470 | D:6      | Killed a yak
  4470 | D:6      | Reached skill level 3 in Armour
  4471 | D:6      | Killed a yak
  4471 | D:6      | Reached skill level 4 in Armour
  4477 | D:6      | Killed a yak
  4477 | D:6      | Reached XP level 8. HP: 72/72 MP: 6/6
  4485 | D:6      | Reached skill level 5 in Axes
  4796 | D:5      | Found Ceanup's Distillery.
  4803 | D:5      | Bought a potion of might for 40 gold pieces
  4803 | D:5      | Bought a potion of berserk rage for 50 gold pieces
  4803 | D:5      | Bought a potion of flight for 30 gold pieces
  4803 | D:5      | Bought a potion of haste for 100 gold pieces
  5084 | D:7      | Reached skill level 5 in Evocations
  5144 | D:7      | Reached ** piety under Makhleb
  5145 | D:7      | Found Qimnuodusch's Antique Weapon Shoppe.
  5161 | D:7      | Found Kepsux's Antique Weapon Shoppe.
  5169 | D:7      | Noticed a hippogriff
  5170 | D:7      | Found Vutsiol's Gadget Boutique.
  5174 | D:7      | Gained mutation: You passively map the area around you.
                  | [Deep Dwarf growth]
  5174 | D:7      | Reached XP level 9. HP: 67/78 MP: 7/7
  5198 | D:7      | Found Fourghapt's Magic Scroll Shop.
  5454 | D:8      | Found Welet's Antique Weapon Emporium.
  5466 | D:8      | Got a bronze chain mail
  5477 | D:8      | Identified the +7 chain mail of Limited Liability {MR++}
                  | (You found it on level 8 of the Dungeon)
  5681 | D:8      | Found a sand-covered staircase.
  5689 | Ossuary  | Entered an ossuary
  5957 | D:8      | Identified Uriepnizuu's Compendium of Battle Magic
  5971 | D:8      | Reached skill level 10 in Axes
  5993 | D:8      | Reached *** piety under Makhleb
  6035 | D:8      | Found a huge runed translucent gate.
  6035 | D:8      | Found a huge runed translucent gate.
  6035 | D:8      | Found a huge runed translucent gate.
  6035 | D:8      | Found a huge runed translucent gate.
  6035 | D:8      | Noticed a polar bear
  6035 | D:8      | Noticed a polar bear
  6035 | D:8      | Noticed a polar bear
  6035 | D:8      | Noticed a polar bear
  6035 | D:8      | Noticed a polar bear
  6036 | D:8      | Noticed a death yak
  6038 | D:8      | Noticed a polar bear
  6055 | D:8      | Bought a glowing broad axe for 140 gold pieces
  6101 | D:8      | Reached skill level 5 in Armour
  6276 | D:8      | Reached skill level 5 in Fighting
  6905 | D:8      | Killed a polar bear
  6905 | D:8      | Reached XP level 10. HP: 88/88 MP: 8/8
  6909 | D:8      | Reached skill level 6 in Armour
  6922 | D:8      | Killed a death yak
  6969 | D:9      | Reached skill level 1 in Invocations
  6992 | D:9      | Reached **** piety under Makhleb
  7012 | D:9      | Reached XP level 11. HP: 88/97 MP: 10/12
  7034 | D:9      | Found a staircase to the Lair.
  7224 | D:9      | Reached skill level 5 in Invocations
  7276 | D:9      | Got an iridescent hand crossbow
  7277 | D:9      | Identified the +6 hand crossbow of Gurugouq {elec, rPois
                  | Str+2 Int-5 Dex+4} (You found it on level 9 of the Dungeon)
  7282 | D:9      | Found Veciv's Antique Weapon Emporium.
  7458 | D:9      | Found a hide-covered altar of Uskayaw.
  7461 | D:9      | Noticed a +0 hand axe
  7461 | D:9      | Noticed a +0 hand axe
  7485 | D:9      | Found Buscheat's Gadget Boutique.
  7570 | D:10     | Entered Level 10 of the Dungeon
  7611 | D:10     | Killed an unseen horror
  7689 | D:10     | Noticed Urug
  7713 | D:10     | Killed Urug
  7769 | D:10     | Noticed a deep elf mage
  7782 | D:10     | Noticed a centaur warrior
  7783 | D:10     | Noticed a tengu warrior
  7792 | D:10     | Killed a centaur warrior
  7792 | D:10     | Noticed a five-headed hydra
  7793 | D:10     | Noticed a cyan ugly thing
  7823 | D:10     | Reached ***** piety under Makhleb
  7830 | D:10     | Killed a tengu warrior
  7836 | D:10     | Killed a one-headed hydra
  7836 | D:10     | Reached skill level 15 in Axes
  7856 | D:10     | Killed a deep elf mage
  7861 | D:10     | Killed a cyan ugly thing
  7940 | D:10     | Noticed a two-headed ogre
  7945 | D:10     | Killed a two-headed ogre
  8045 | D:10     | Got a jewelled leather armour
  8056 | D:10     | Identified the +3 leather armour of Raychadu {rF+ rC- rN++
                  | Dex+2} (You found it on level 10 of the Dungeon)
  8202 | D:11     | Reached XP level 12. HP: 105/105 MP: 13/13
  8233 | D:11     | Noticed a five-headed hydra
  8243 | D:11     | Killed a one-headed hydra
  8280 | D:11     | You fall into a shaft and drop 1 floor!
  8700 | D:12     | Found a staircase to the Orcish Mines.
  8759 | D:12     | Reached skill level 7 in Armour
  8845 | D:12     | Noticed a two-headed ogre
  8853 | D:12     | Killed a two-headed ogre
  8943 | D:12     | Noticed Nergalle
  8977 | D:11     | Reached skill level 8 in Armour
  8985 | D:11     | Reached XP level 13. HP: 111/111 MP: 13/13
  9010 | D:11     | Reached ****** piety under Makhleb
  9028 | D:11     | Reached skill level 9 in Armour
  9510 | D:5      | Killed Grinder
  9666 | D:3      | Killed Crazy Yiuf
  9753 | D:4      | Killed Eptagon's ghost
  9905 | D:5      | Killed Sigmund
 10049 | D:5      | Killed t4s4d4r's ghost
 10163 | Lair:1   | Entered Level 1 of the Lair of Beasts
 10405 | Lair:1   | Reached skill level 10 in Armour
 11349 | Lair:2   | Reached skill level 5 in Dodging
 11418 | Lair:2   | Found a staircase to the Shoals.
 11880 | Lair:3   | Found a hole to the Spider Nest.
 12146 | Lair:3   | Gained mutation: You resist negative energy. (rN+) [Deep
                  | Dwarf growth]
 12146 | Lair:3   | Reached XP level 14. HP: 127/127 MP: 14/14
 13294 | Lair:4   | Reached skill level 11 in Armour
 13696 | Lair:5   | Reached skill level 10 in Dodging
 13887 | Lair:5   | Reached skill level 12 in Armour
 14530 | Lair:6   | Entered Level 6 of the Lair of Beasts
 14622 | Lair:6   | Found a gate leading to a gauntlet.
 14623 | Lair:6   | Found a staircase to the Slime Pits.
 14626 | Lair:6   | Reached skill level 13 in Armour
 14633 | Gauntlet | Entered a Gauntlet
 14633 | Gauntlet | Found a transporter.
 14642 | Gauntlet | Found a transporter.
 14645 | Gauntlet | Found a transporter.
 14646 | Gauntlet | Found a transporter.
 14657 | Gauntlet | Found a transporter.
 14657 | Gauntlet | Found a transporter.
 14658 | Gauntlet | Found a transporter.
 14662 | Gauntlet | Found a runed translucent door.
 14666 | Gauntlet | Found a transporter.
 14669 | Gauntlet | Found a transporter.
 14670 | Gauntlet | Found a transporter.
 14678 | Gauntlet | Found a transporter.
 14678 | Gauntlet | Found a runed translucent door.
 14681 | Gauntlet | Found a transporter.
 14682 | Gauntlet | Found a transporter.
 14690 | Gauntlet | Found a transporter.
 14979 | Lair:6   | Reached XP level 15. HP: 135/135 MP: 15/15
 15007 | Lair:6   | Reached skill level 14 in Armour
 15526 | Lair:6   | Reached skill level 15 in Armour
 16026 | Spider:1 | Entered Level 1 of the Spider Nest
 16264 | Spider:1 | Found a transporter.
 16320 | Spider:1 | Found a transporter.
 16326 | Spider:1 | Noticed Vieluargh's ghost (journeyman DsNe)
 16689 | D:12     | Killed Nergalle
 16717 | D:12     | Reached skill level 10 in Fighting
 16730 | D:12     | Noticed Kirke
 16846 | D:12     | Killed Kirke
 16929 | D:12     | Reached skill level 10 in Invocations
 16986 | D:12     | You fall into a shaft and drop 2 floors!
 17649 | D:13     | Found a stormy altar of Qazlal.
 17836 | D:14     | Reached XP level 16. HP: 150/150 MP: 20/20
 17874 | D:14     | Found a runed translucent door.
 18216 | D:14     | Found a gate to the Vaults.
 18661 | D:15     | Entered Level 15 of the Dungeon
 18666 | D:15     | Noticed Nessos
 18679 | D:15     | Killed Nessos
 19182 | D:15     | Found a staircase to the Depths.
 19358 | Orc:1    | Entered Level 1 of the Orcish Mines
 19678 | Orc:2    | Entered Level 2 of the Orcish Mines
 19678 | Orc:2    | Found Lenluaw's Gadget Shop.
 19873 | Orc:2    | Found a staircase to the Elven Halls.
 20035 | Orc:2    | Reached skill level 15 in Invocations
 20097 | Orc:2    | Found Iffapp's Jewellery Shop.
 20099 | Orc:2    | Found Durhuneik's General Store.
 20099 | Orc:2    | Found Dauplag's Jewellery Boutique.
 20099 | Orc:2    | Found Ostresucs's Food Shoppe.
 20117 | Orc:2    | Bought the amulet "Afopefal" {Acrobat rPois Dex-2 Slay+3}
                  | for 644 gold pieces
 20126 | Orc:2    | Bought an uncursed ring of see invisible for 210 gold
                  | pieces
 20794 | D:5      | Bought a potion of haste for 100 gold pieces
 20794 | D:5      | Bought a potion of heal wounds for 50 gold pieces
 20794 | D:5      | Bought a potion of curing for 30 gold pieces
 20988 | Spider:2 | Reached skill level 10 in Evocations
 20998 | Spider:1 | Reached XP level 17. HP: 159/159 MP: 23/23
 22569 | Spider:4 | Entered Level 4 of the Spider Nest
 22569 | Spider:4 | Noticed Arachne
 22635 | Spider:3 | Killed Arachne
 22770 | Spider:4 | Identified Roxanne's Handbook of Clay
 22770 | Spider:4 | Noticed Roxanne
 23140 | Spider:4 | Gained mutation: You passively map a large area around you.
                  | [Deep Dwarf growth]
 23140 | Spider:4 | Reached XP level 18. HP: 175/175 MP: 1/23
 23282 | Spider:4 | Got a gossamer rune of Zot
 23577 | Spider:2 | Identified a scroll of acquirement
 23578 | Spider:2 | Acquired the +1 cloak "Kuovvehi" {rElec}
 23729 | Shoals:1 | Entered Level 1 of the Shoals
 24544 | Shoals:2 | Reached skill level 15 in Fighting
 24642 | Shoals:2 | Reached skill level 5 in Throwing
 25406 | Shoals:3 | Noticed Bai Suzhen
 25431 | Shoals:3 | Killed Bai Suzhen
 25436 | Shoals:3 | Noticed Aizul
 25512 | Shoals:2 | Killed Aizul
 25842 | Shoals:3 | Found a runed translucent door.
 26134 | Shoals:4 | Entered Level 4 of the Shoals
 26134 | Shoals:4 | Noticed Donald
 26154 | Shoals:3 | Killed Donald
 26332 | Shoals:4 | Identified the cursed +0 chain mail "Geet" {-Tele Harm
                  | Slay+3}
 26432 | Shoals:4 | Found the +10 zealot's sword {holy, *Rage rN+ EV+3}
 26546 | Shoals:4 | Reached skill level 10 in Throwing
 26546 | Shoals:4 | Reached XP level 19. HP: 173/186 MP: 23/23
 26591 | Shoals:4 | Got a barnacled rune of Zot
 27423 | Vaults:1 | Entered Level 1 of the Vaults
 27759 | Vaults:1 | Noticed Asterion
 27768 | Vaults:1 | Killed Asterion
 27941 | Vaults:1 | Found Yschug's Distillery.
 27960 | Vaults:1 | Bought a potion of heal wounds for 100 gold pieces
 27960 | Vaults:1 | Bought a potion of haste for 200 gold pieces
 27960 | Vaults:1 | Bought 2 potions of might for 160 gold pieces
 27960 | Vaults:1 | Bought a potion of might for 80 gold pieces
 27960 | Vaults:1 | Bought a potion of curing for 60 gold pieces
 27960 | Vaults:1 | Bought a potion of curing for 60 gold pieces
 27960 | Vaults:1 | Bought a potion of cancellation for 160 gold pieces
 28871 | Vaults:2 | Found a ruined gateway.
 28875 | Desolati | Entered the Desolation of Salt
 29061 | Desolati | Identified the Reference Book on Protection and Evil
 29068 | Desolati | Identified the +0 centaur barding "Mofreb" {*Contam rPois
                  | rC+ Str+2} (You found it in the Desolation of Salt)
 29078 | Desolati | Got a steaming leather armour
 29079 | Desolati | Identified the +3 leather armour of Time Monsters {rCorr
                  | Int+7} (You found it in the Desolation of Salt)
 29136 | Desolati | Reached XP level 20. HP: 189/194 MP: 24/24
 29234 | Desolati | Got a warped leather armour
 29235 | Desolati | Identified the +1 leather armour of the New World {Str+4}
                  | (You found it in the Desolation of Salt)
 29239 | Desolati | Got a bound copper ring
 29241 | Desolati | Identified the ring "Yraqohygg" {rPois rC+ Str+3} (You
                  | found it in the Desolation of Salt)
 29244 | Desolati | Identified Faheomuj's Disquisition on the Vitriolic Blaze
 29246 | Desolati | Identified the Catalogue of Dislocated Clay
 29281 | Desolati | Identified the ring of Fysahuhee {MR+ AC+4 Stlth+}
 29291 | Desolati | Reached skill level 15 in Throwing
 29308 | Desolati | Found the +9 staff of Wucad Mu {channel}
 29319 | Desolati | Identified the ring "Baisiler" {rPois rN+ Dex+7} (You found
                  | it in the Desolation of Salt)
 29866 | Vaults:2 | Reached skill level 15 in Dodging
 30661 | Vaults:3 | Found Dokich's Armour Boutique.
 30720 | Vaults:3 | Found Seider's Assorted Antiques.
 30741 | Vaults:3 | Bought a scroll labeled LIUBBICVYP for 37 gold pieces
 30890 | Vaults:3 | Found Lennag's Distillery.
 30893 | Vaults:3 | Bought a potion of cancellation for 120 gold pieces
 30893 | Vaults:3 | Bought a potion of might for 60 gold pieces
 30893 | Vaults:3 | Bought a potion of curing for 45 gold pieces
 30893 | Vaults:3 | Bought a potion of curing for 45 gold pieces
 30893 | Vaults:3 | Bought a potion of ambrosia for 120 gold pieces
 30893 | Vaults:3 | Bought a potion of ambrosia for 120 gold pieces
 30893 | Vaults:3 | Bought a potion of ambrosia for 120 gold pieces
 30893 | Vaults:3 | Bought a potion of berserk rage for 75 gold pieces
 31071 | Vaults:3 | Found Yhexkeno's Assorted Antiques.
 31094 | Vaults:3 | Bought a potion of might for 120 gold pieces
 31168 | Vaults:3 | Found Ydghuq's Distillery.
 31173 | Vaults:3 | Bought a potion of curing for 48 gold pieces
 31173 | Vaults:3 | Bought a potion of haste for 160 gold pieces
 31173 | Vaults:3 | Bought a potion of haste for 160 gold pieces
 31173 | Vaults:3 | Bought a potion of curing for 48 gold pieces
 31173 | Vaults:3 | Bought a potion of haste for 160 gold pieces
 31173 | Vaults:3 | Bought a potion of curing for 48 gold pieces
 31173 | Vaults:3 | Bought a potion of cancellation for 128 gold pieces
 31704 | Vaults:3 | Found a staircase to the Crypt.
 31833 | Vaults:4 | Found Wiheg's Antique Armour Shop.
 32143 | Vaults:4 | Reached XP level 21. HP: 206/206 MP: 25/25
 32993 | Vaults:5 | Entered Level 5 of the Vaults
 33039 | Vaults:5 | Gained mutation: Scrolls take you a little longer to read.
                  | [a neqoxec]
 33155 | Vaults:3 | Bought a potion of mutation for 128 gold pieces
 33155 | Vaults:3 | Lost mutation: Scrolls take you a little longer to read.
                  | [potion of mutation]
 33155 | Vaults:3 | Gained mutation: Your body sometimes deteriorates upon
                  | taking damage. [potion of mutation]
 33155 | Vaults:3 | Gained mutation: Scrolls take you a little longer to read.
                  | [potion of mutation]
 33155 | Vaults:3 | Gained mutation: Your spells are a little harder to cast,
                  | but a little more powerful. [potion of mutation]
 33492 | Shoals:3 | Lost mutation: Scrolls take you a little longer to read.
                  | [potion of mutation]
 33492 | Shoals:3 | Lost mutation: Your body sometimes deteriorates upon taking
                  | damage. [potion of mutation]
 33492 | Shoals:3 | Lost mutation: Your spells are a little harder to cast, but
                  | a little more powerful. [potion of mutation]
 33492 | Shoals:3 | Gained mutation: Your spells are a little harder to cast,
                  | but a little more powerful. [potion of mutation]
 33492 | Shoals:3 | Gained mutation: You have large cloven feet. [potion of
                  | mutation]
 33875 | Vaults:5 | Got a faintly humming scale mail
 33968 | Vaults:5 | Noticed a golden dragon
 33983 | Vaults:5 | Killed a golden dragon
 34024 | Vaults:5 | Acquired 1300 gold pieces
 34115 | Vaults:4 | Bought the +0 mask of the Dragon {MR+ Slay+3 SInv} for 1068
                  | gold pieces
 34115 | Vaults:4 | Found the +0 mask of the Dragon {MR+ Slay+3 SInv}
 34127 | Vaults:4 | Identified the cursed +0 scale mail "Toanwuq" {-Cast rC+
                  | Stlth+} (You found it on level 5 of the Vaults)
 34213 | Vaults:5 | Got a sparkling lapis lazuli ring
 34214 | Vaults:5 | Identified the ring "Dukuepou" {rF- MR++ Int+2 Dex+6
                  | Stlth-} (You found it on level 5 of the Vaults)
 34217 | Vaults:5 | Got a fine scale mail
 34218 | Vaults:5 | Identified the +9 scale mail of Ennui {rPois MR+ Dex-3}
                  | (You found it on level 5 of the Vaults)
 34224 | Vaults:5 | Got a pair of warped boots
 34235 | Vaults:5 | Identified the +1 pair of boots of Beauty {rF+} (You found
                  | it on level 5 of the Vaults)
 34240 | Vaults:5 | Got a crude ring mail
 34357 | Vaults:5 | Found the +4 moon troll leather armour {Spirit, Regen++
                  | MP+5}
 34480 | Vaults:5 | Noticed an ancient lich
 34486 | Vaults:5 | Killed an ancient lich
 34486 | Vaults:5 | Reached XP level 22. HP: 189/225 MP: 26/26
 34925 | Vaults:5 | Got a silver rune of Zot
 35065 | Vaults:5 | Reached skill level 16 in Armour
 35200 | Vaults:5 | Identified the +1 hunting sling of Qaekutaf {venom, *Slow
                  | rN++ Str+2}
 35295 | Vaults:5 | Identified the +9 great sword "Fatheh" {drain, rF+ Dex+6
                  | Stlth-}
 35628 | Depths:1 | Entered Level 1 of the Depths
 35825 | Depths:5 | Entered Level 5 of the Depths
 35834 | Depths:5 | Reached skill level 17 in Armour
 35873 | Depths:5 | Noticed Margery
 35895 | Depths:5 | Killed Margery
 35904 | Depths:5 | Found a one-way gate leading to the halls of Pandemonium.
 36124 | Depths:5 | Noticed Frederick
 36153 | Depths:5 | Killed Frederick
 36153 | Depths:5 | Reached skill level 18 in Armour
 36402 | Depths:5 | Reached XP level 23. HP: 235/235 MP: 27/27
 36470 | Depths:5 | Found a runed translucent door.
 36505 | Depths:5 | Found a runed translucent door.
 36576 | Depths:5 | Found a runed translucent door.
 36583 | Depths:5 | Found a runed translucent door.
 36627 | Depths:5 | Reached skill level 19 in Armour
 36638 | Depths:5 | Found a runed translucent door.
 36694 | Depths:5 | Found a runed translucent door.
 36700 | Depths:5 | Found a gateway to Hell.
 36779 | Depths:5 | Found a gate to the Realm of Zot.
 37577 | Vaults:4 | Bought a fine plate armour for 896 gold pieces
 37577 | Vaults:4 | Identified the cursed +1 plate armour of Tuqihys {rC+ MR-
                  | Dex+2 Stlth+} (You bought it in a shop on level 4 of the
                  | Vaults)
 37941 | Zot:1    | Entered Level 1 of the Realm of Zot
 38146 | Zot:3    | Reached skill level 20 in Armour
 38359 | Zot:4    | Identified the +7 chain mail of Untruth {rC+} (You found it
                  | on level 4 of the Realm of Zot)
 38370 | Zot:5    | Entered Level 5 of the Realm of Zot
 38835 | Zot:5    | Noticed a Killer Klown
 38835 | Zot:5    | Noticed an orb of fire
 38855 | Zot:5    | Noticed an ancient lich
 38856 | Zot:5    | Gained mutation: You are weak. (Str -2) [an orb of fire]
 38874 | Zot:5    | Killed an ancient lich
 38874 | Zot:5    | Reached XP level 24. HP: 246/246 MP: 26/26
 38877 | Zot:5    | Gained mutation: You are partially covered in slimy green
                  | scales. (AC +2) [an orb of fire]
 38883 | Zot:5    | Killed an orb of fire
 38901 | Zot:5    | Noticed an ancient lich
 38908 | Zot:5    | Killed an ancient lich
 38918 | Zot:5    | Reached skill level 21 in Armour
 38922 | Zot:5    | Killed a Killer Klown
 38925 | Zot:5    | Noticed an orb of fire
 38925 | Zot:5    | Noticed an orb of fire
 38925 | Zot:5    | Noticed a Killer Klown
 38925 | Zot:5    | Noticed a Killer Klown
 38925 | Zot:5    | Noticed a Killer Klown
 38926 | Zot:5    | Noticed a Killer Klown
 38935 | Zot:5    | Killed an orb of fire
 38943 | Zot:5    | Gained mutation: You tend to lose your temper in combat.
                  | [an orb of fire]
 38944 | Zot:5    | Lost mutation: Your spells are a little harder to cast, but
                  | a little more powerful. [an orb of fire]
 38952 | Zot:5    | Gained mutation: You often lose your temper in combat. [an
                  | orb of fire]
 38969 | Zot:5    | Gained mutation: Scrolls take you a little longer to read.
                  | [an orb of fire]
 38970 | Zot:5    | Killed an orb of fire
 38983 | Zot:5    | Killed a Killer Klown
 38996 | Zot:5    | Lost mutation: Scrolls take you a little longer to read.
                  | [potion of mutation]
 38996 | Zot:5    | Lost mutation: You are weak. (Str -2) [potion of mutation]
 38996 | Zot:5    | Gained mutation: Your body sometimes deteriorates upon
                  | taking damage. [potion of mutation]
 38996 | Zot:5    | Gained mutation: You have a pair of small horns on your
                  | head. [potion of mutation]
 38996 | Zot:5    | Gained mutation: You are covered in fur. (AC +1) [potion of
                  | mutation]
 39023 | Zot:5    | Killed a Killer Klown
 39031 | Zot:5    | Killed a Killer Klown
 39036 | Zot:5    | Killed a Killer Klown
 39037 | Zot:5    | Noticed a Killer Klown
 39043 | Zot:5    | Killed a Killer Klown
 39057 | Zot:5    | Noticed a Killer Klown
 39057 | Zot:5    | Noticed a Killer Klown
 39063 | Zot:5    | Killed a Killer Klown
 39080 | Zot:5    | Killed a Killer Klown
 39720 | Vaults:5 | Lost mutation: You have a pair of small horns on your head.
                  | [potion of mutation]
 39720 | Vaults:5 | Lost mutation: You often lose your temper in combat.
                  | [potion of mutation]
 39720 | Vaults:5 | Lost mutation: Your body sometimes deteriorates upon taking
                  | damage. [potion of mutation]
 39720 | Vaults:5 | Gained mutation: You have a pair of small antennae on your
                  | head. [potion of mutation]
 39720 | Vaults:5 | Gained mutation: You are clumsy. (Dex -2) [potion of
                  | mutation]
 39720 | Vaults:5 | Gained mutation: Your system is resistant to poisons.
                  | (rPois) [potion of mutation]
 39721 | Vaults:5 | Lost mutation: You have a pair of small antennae on your
                  | head. [potion of mutation]
 39721 | Vaults:5 | Lost mutation: Your system is resistant to poisons. (rPois)
                  | [potion of mutation]
 39721 | Vaults:5 | Lost mutation: You are clumsy. (Dex -2) [potion of
                  | mutation]
 39721 | Vaults:5 | Lost mutation: You tend to lose your temper in combat.
                  | [potion of mutation]
 39721 | Vaults:5 | Gained mutation: You are partially covered in rugged brown
                  | scales. (AC +1, +3% HP) [potion of mutation]
 39721 | Vaults:5 | Gained mutation: Your spells are a little easier to cast,
                  | but a little less powerful. [potion of mutation]
 40657 | Zot:5    | Noticed a Killer Klown
 40668 | Zot:5    | Killed a Killer Klown
 40706 | Zot:5    | Reached skill level 22 in Armour
 40780 | Zot:5    | Got the Orb of Zot
 40881 | Zot:4    | Reached XP level 25. HP: 265/265 MP: 25/25
 41361 | D:$      | Escaped with the Orb!
